 Dungeon Crawl Stone Soup version 0.30-a0-743-gbfdf073431 (webtiles) character file.

Game seed: 12006740851617466745

410 Lavandula the Cudgeller (level 7, -1/52 HPs)
             Began as a Human Monk on Feb 5, 2023.
             Slain by an ogre
             ... wielding a +0 giant spiked club
              (26 damage)
             ... on level 4 of the Dungeon.
             The game lasted 00:05:08 (2415 turns).

Lavandula the Cudgeller (Human Monk)                Turns: 2415, Time: 00:05:09

Health: -1/52      AC:  8    Str: 13    XL:     7   Next: 13%
Magic:  2/2        EV: 12    Int: 14    God:
Gold:   159        SH:  0    Dex: 16    Spells: 6/6 levels left

rFire   + . .      SeeInvis .    q - +8 whip "Lagebow" {antimagic, rF+ Int+4}
rCold   . . .      Faith    .    (no shield)
rNeg    . . .      Spirit   .    z - +0 troll leather armour
rPois   .          Reflect  .    (no helmet)
rElec   .          Harm     .    e - +2 cloak
rCorr   .          Rampage  .    (no gloves)
Will    .....                    j - +0 pair of boots
Stlth   ++                       (no amulet)
HPRegen 1.08/turn                (no ring)
MPRegen 0.08/turn                (no ring)

@: no status effects
A: no striking features
a: no special abilities


You were on level 4 of the Dungeon.
You visited 1 branch of the dungeon, and saw 4 of its levels.

You collected 159 gold pieces.

Inventory:

Hand Weapons
 q - the +8 whip "Lagebow" (weapon) {antimagic, rF+ Int+4}
   (You found it on level 3 of the Dungeon)

   Int:       It affects your intelligence (+4).
   rF:        It protects you from fire.
Missiles
 i - 7 poisoned darts
 p - 2 silver javelins (quivered)
 v - 5 curare-tipped darts
Armour
 d - a +0 buckler
 e - a +2 cloak (worn)
 j - a +0 pair of boots (worn)
 s - a +0 leather armour of cold resistance
 z - a +0 troll leather armour (worn)
Jewellery
 u - a ring of fire
Wands
 a - a wand of polymorph (9)
Scrolls
 f - a scroll of teleportation {unknown}
 m - 3 scrolls of noise {unknown}
 n - a scroll of fog {unknown}
 r - a scroll of poison {unknown}
 t - a scroll of blinking {unknown}
 w - a scroll of identify {unknown}
 y - a scroll of amnesia {unknown}
 A - a scroll of vulnerability {unknown}
Potions
 b - a potion of curing {unknown}
 c - 2 potions of ambrosia
 g - a potion of magic {unknown}
 h - a potion of invisibility {unknown}
 k - a potion of haste {unknown}
 l - 2 potions of heal wounds {unknown}
 o - a potion of mutation {unknown}
 x - a potion of brilliance {unknown}


   Skills:
 - Level 3.0 Fighting
 + Level 7.5 Maces & Flails
 - Level 3.0 Dodging
 - Level 2.0 Stealth


You had 6 spell levels left.
You didn't know any spells.
Your spell library contained the following spells:

 Spells                   Type           Power      Damage    Failure   Level
 Slow                     Hex            0%         N/A       36%         1


Dungeon Overview and Level Annotations

Branches:
Dungeon (4/15)
 Temple: D:4-7

Altars:
Sif Muna

Shops:
D:1 [


Message History

You whack the howler monkey!
You kill the howler monkey!
You whack the giant cockroach!
You kill the giant cockroach!
No target in view!
An orc wizard comes into view. It is wielding a +0 dagger.
An orc wizard is nearby!
The orc wizard gestures at you while chanting.
You resist with some effort.
A goblin comes into view. It is wielding a +0 club.
The orc wizard gestures wildly while chanting.
The orc wizard flickers and vanishes!
Deactivating autopickup; reactivate with Ctrl-A.
You hear some strange, mumbled words.
You are confused.
An ogre comes into view. It is wielding a +0 giant spiked club.
You are too confused!
You are too confused!
An orc comes into view.
It is wielding a +0 trident and wearing a +1 ring mail of fire resistance.
You bump into the rock wall.
Something hits you but does no damage.
You bump into the rock wall.
An orc comes into view. It is wielding a +0 short sword.
You hear some strange, mumbled words.
A magic dart appears from out of thin air!
The magic dart hits you!
You closely miss something. You completely miss something.
The ogre hits you with a +0 giant spiked club.
Something hits you but does no damage.
The goblin shouts!
You feel less confused.
The ogre hits you with a +0 giant spiked club!!
The orc misses you.
The goblin shouts!
The orc hits you from afar with a +0 trident.
An orc wizard comes into view. It is wielding a +0 dagger.
The ogre attacks as you move away!
The ogre hits you with a +0 giant spiked club!!
Ouch! That really hurt!
You die...

# .........# ...# #
#.......#####...####
##.#.......#..........
...#..................
####................. #
#.........#.#....# ### #
#.####..#......g[# ..
##...#.#.#....##o#
#....#.....@...o.# ###
#....####.##O##..####.
..#.##.##.# #.##.o........
#.#.......####.####..#####
#.####.............g.####
.......#####.##....$....#
#.####.# #. #.##..###.#
#.# #.# # ...##g.# # ..#
#.# #.#####..#


You could see an ogre, an orc wizard, 2 orcs and 2 goblins.

Vanquished Creatures
  An ogre (D:3)
  A howler monkey (D:4)
  An orc priest (D:3)
  2 orc wizards
  7 gnolls
  5 adders
  3 worms
  5 dart slugs
  10 orcs
  5 endoplasms
  6 giant cockroaches
  4 goblins (D:1)
  6 hobgoblins
  4 jackals (D:1)
  A kobold (D:1)
  A quokka (D:3)
  A ball python (D:4)
  5 bats
  4 frilled lizards
  5 rats
77 creatures vanquished.

Notes
Turn   | Place    | Note
-------+----------+-------------------------------------------
     0 | D:1      | Lavandula the Human Monk began the quest for the Orb.
     0 | D:1      | Reached XP level 1. HP: 18/18 MP: 1/1
    39 | D:1      | Found Sul Dol's Armour Shop.
   166 | D:1      | Reached XP level 2. HP: 24/24 MP: 2/2
   571 | D:1      | Reached skill level 4 in Maces & Flails
   571 | D:1      | Reached XP level 3. HP: 29/29 MP: 3/3
   863 | D:2      | Found a faded altar of an unknown god.
   877 | D:2      | Got Plato's Book of the Evil Eye
   915 | D:2      | Reached XP level 4. HP: 35/35 MP: 4/4
   970 | D:2      | Reached skill level 5 in Maces & Flails
  1178 | D:2      | Reached XP level 5. HP: 41/41 MP: 5/5
  1474 | D:3      | Identified the +8 whip "Lagebow" {antimagic, rF+ Int+4}
  1510 | D:3      | Reached skill level 6 in Maces & Flails
  1549 | D:3      | Noticed an ogre
  1643 | D:3      | Killed an ogre
  1644 | D:3      | Reached XP level 6. HP: 22/47 MP: 2/6
  2267 | D:4      | Reached skill level 7 in Maces & Flails
  2320 | D:4      | Reached XP level 7. HP: 37/52 MP: 2/7
  2349 | D:4      | Found a shimmering blue altar of Sif Muna.
  2415 | D:4      | Slain by an ogre

Illustrated notes

Levels and vault maps discovered:
D:1:      eino_arrival_cavern_a, layout_basic, serial_shops, shop
D:2:      layout_rooms, shapermc_ecumenical_altar_rom_forum
D:3:      layout_rooms
D:4:      layout_loops_cross, overflow_temple_1_default, serial_glass,
          glass_columns_a, glass_columns_b, glass_columns_a, glass_columns_a,
          uniq_natasha

Skill      XL: |  1  2  3  4  5  6 |
---------------+-------------------+-----
Maces & Flails | 4 5 6 7 |  7.5
Fighting       | |  3.0
Dodging        | |  3.0
Stealth        | |  2.0

Action                     |  1- 3 |  4- 6 |  7- 9 || total
---------------------------+-------+-------+-------++-------
  Melee: Mace              |   103 |    47 |       ||   150
         Punch             |       |     3 |       ||     3
         Whip              |       |    83 |     7 ||    90
         Unarmed           |       |     1 |       ||     1
  Throw: Dart              |       |     3 |       ||     3
         Javelin           |       |     1 |       ||     1
   Stab: Sleeping          |     6 |     2 |       ||     8
 Armour: Robe              |    22 |     9 |       ||    31
         Ring mail         |       |    14 |       ||    14
         Troll leather arm |       |     7 |     2 ||     9
         Skin              |       |     3 |       ||     3
  Dodge: Dodged            |    87 |    55 |     3 ||   145

Table legend: (Time is in decaauts)
 A = Elapsed time spent in this place.
 B = Non-inter-level travel time spent in this place.
 C = Inter-level travel time spent in this place.
 D = Time resting spent in this place.
 E = Time spent auto-exploring this place.
 F = Levels seen in this place.
 G = Mean time per level.
                   A        B        C        D        E       F      G
               +--------+--------+--------+--------+--------+-----+--------+
         Total |   2414 |   2300 |    114 |    203 |   1421 |   4 |  603.5 |
       Dungeon |   2414 |   2300 |    114 |    203 |   1421 |   4 |  603.5 |
               +--------+--------+--------+--------+--------+-----+--------+

Top non-repeatable levels by time:
     D:1: 805 daAuts
     D:3: 757 daAuts
     D:2: 692 daAuts
     D:4: 160 daAuts
